AoeStats
← El Fantasma de Pancho Villa

Arena

510015798Analyzed
4v4 RM · 2d ago on Sep 29, 2026· 58m 12s· 8 players
Game mode
Random Map
Map size
Large (8 player)
Population
200
Speed
Normal
Resources
Standard
Victory
Conquest
Starting age
Dark Age
Ending age
Imperial Age
RankedLock teamsTeams togetherTeam positionsShared explorationLock speedFull tech treeHidden civsTurbo modeCheats
Victory
Defeat
🇦🇺 Britons · Australia
1199
+16
🇦🇺 Portuguese · Australia
1135
+18
🇦🇷 Poles · Argentina
1101
+20
🇫🇷 Khmer · France
1088
+20
🇲🇽 Persians · Mexico
1226
-19
🇨🇳 Magyars · China
1201
-19
🇺🇸 Cumans · United States
1164
-18
🇺🇸 Teutons · United States
1161
-18
StanTheMan
10:45 Feudal Age
15:34 Castle Age
13:30 Double-Bit Axe
13:46 Horse Collar
17:27 Pikeman
23:29 Stone Mining
27:42 Wheelbarrow
26:52 Town Watch
26:53 Loom
27:52 Fletching
28:02 Padded Archer Armor
28:33 Heavy Plow
28:46 Bow Saw
28:28 Gold Mining
28:51 Forging
28:41 Scale Mail Armor
32:15 Imperial Age
31:09 Iron Casting
30:49 Chain Mail Armor
31:02 Hand Cart
32:29 Onager
32:31 Halberdier
35:07 Blast Furnace
41:18 Siege Engineers
42:20 Conscription
44:48 Scale Barding Armor
45:15 Cavalier
46:06 Bloodlines
46:18 Chain Barding Armor
46:27 Paladin
49:37 Chain Barding Armor
[GMEX] | The_Spartako
10:18 Feudal Age
9:36 Loom
15:13 Castle Age
13:01 Double-Bit Axe
12:58 Horse Collar
16:15 Bow Saw
21:16 Scale Barding Armor
21:21 Forging
25:35 Bloodlines
25:26 Husbandry
26:42 Heavy Plow
27:22 Wheelbarrow
27:27 Gold Mining
31:13 Chain Barding Armor
31:28 Iron Casting
33:26 Imperial Age
33:14 Hand Cart
33:12 Town Watch
33:04 Cavalier
34:22 Plate Barding Armor
34:48 Blast Furnace
34:26 Crop Rotation
35:39 Chemistry
35:00 Ballistics
34:32 Fletching
El Fantasma de Pancho Villa
13:35 Feudal Age
16:11 Scale Mail Armor
15:40 Man-at-Arms
18:26 Forging
21:13 Double-Bit Axe
22:41 Wheelbarrow
31:15 Horse Collar
32:10 Gold Mining
32:11 Stone Mining
37:15 Castle Age
956068430
10:07 Feudal Age
14:13 Castle Age
12:47 Double-Bit Axe
15:28 Bow Saw
18:49 Horse Collar
21:46 Loom
21:54 Gold Mining
25:48 Fletching
25:58 Padded Archer Armor
28:57 Heavy Plow
30:27 Wheelbarrow
33:25 Imperial Age
31:48 Bloodlines
31:39 Husbandry
32:06 Bodkin Arrow
32:26 Leather Archer Armor
32:41 Ballistics
32:49 Town Watch
33:31 Scale Barding Armor
33:43 Thumb Ring
33:49 Corvinian Army
34:24 Bracer
34:55 Ring Archer Armor
35:32 Chemistry
35:06 Conscription
35:09 Recurve Bow
36:00 Parthian Tactics
36:17 Heavy Cavalry Archer
40:04 Chain Barding Armor
41:31 Hoardings
41:38 Stone Mining
42:23 Gold Shaft Mining
43:28 Elite Magyar Huszar
51:22 Two-Man Saw
50:54 Crop Rotation
51:01 Plate Barding Armor
senninha
7:02 Loom
10:09 Feudal Age
13:08 Castle Age
12:13 Double-Bit Axe
12:36 Horse Collar
14:12 Wheelbarrow
16:03 Bloodlines
18:57 Scale Barding Armor
18:52 Town Watch
19:53 Husbandry
20:08 Gold Mining
22:21 Forging
24:31 Sanctity
28:31 Imperial Age
28:10 Iron Casting
28:00 Stone Mining
28:21 Bow Saw
29:34 Ballistics
30:26 Chemistry
31:00 Light Cavalry
33:09 Chain Barding Armor
34:14 Padded Archer Armor
35:27 Redemption
35:58 Hand Cart
37:34 Gold Shaft Mining
39:33 Fletching
41:08 Bodkin Arrow
41:07 Onager
45:50 Heavy Scorpion
JuaNCaBj
9:08 Loom
11:10 Feudal Age
15:20 Castle Age
13:43 Double-Bit Axe
14:03 Horse Collar
16:12 Bow Saw
16:06 Heavy Plow
24:38 Imperial Age
23:20 Stone Mining
23:27 Gold Mining
25:49 Stone Shaft Mining
25:53 Conscription
25:51 Treadmill Crane
29:02 Capped Ram
30:03 Scale Mail Armor
30:04 Squires
31:21 Masonry
32:48 Wheelbarrow
32:37 Elite Obuch
33:59 Forging
37:23 Iron Casting
37:31 Szlachta Privileges
37:33 Scale Barding Armor
39:05 Blast Furnace
37:53 Cavalier
38:37 Husbandry
38:49 Bloodlines
40:13 Fortified Wall
40:24 Chain Barding Armor
40:41 Hand Cart
41:14 Fletching
42:42 Hoardings
48:08 Chain Mail Armor
49:43 Chemistry
48:50 Siege Engineers
52:34 Plate Mail Armor
52:46 Padded Archer Armor
arthurknight
9:41 Feudal Age
11:20 Loom
14:10 Castle Age
17:24 Loom
17:23 Horse Collar
17:30 Double-Bit Axe
25:34 Heavy Plow
27:32 Wheelbarrow
28:18 Bow Saw
29:16 Hand Cart
29:18 Gold Mining
29:47 Pikeman
33:23 Gold Shaft Mining
35:52 Imperial Age
33:33 Padded Archer Armor
33:42 Fletching
34:21 Squires
35:00 Bodkin Arrow
35:20 Leather Archer Armor
35:31 Ballistics
36:09 Leather Archer Armor
36:05 Forging
35:55 Scale Mail Armor
35:56 Arson
37:00 Conscription
37:31 Yeomen
38:22 Elite Longbowman
38:30 Halberdier
39:36 Bracer
40:06 Ring Archer Armor
40:37 Chemistry
44:56 Two-Man Saw
47:19 Warwolf
54:40 Iron Casting
54:20 Chain Mail Armor
Bread
12:22 Feudal Age
17:14 Castle Age
16:42 Double-Bit Axe
16:56 Horse Collar
18:12 Wheelbarrow
19:34 Scale Barding Armor
20:10 Husbandry
20:20 Bloodlines
21:01 Forging
22:54 Bow Saw
22:51 Heavy Plow
24:03 Gold Mining
25:26 Stone Mining
28:32 Imperial Age
27:36 Masonry
28:19 Chain Barding Armor
27:51 Treadmill Crane
28:54 Cavalier
38:12 Plate Barding Armor
39:54 Iron Casting
42:27 Chemistry
42:00 Architecture
43:12 Bombard Tower
43:20 Conscription
48:24 Fletching
49:24 Ballistics
49:01 Bodkin Arrow
52:38 Bracer
52:26 Elite Skirmisher
53:12 Thumb Ring
53:34 Padded Archer Armor
54:37 Blast Furnace
56:39 Leather Archer Armor
57:09 Arquebus
57:25 Careening
57:16 Murder Holes
Connection lost

Rejoining the realm…

Still unreachable

The connection could not be restored.

Session expired

The server has moved on; the page needs a fresh start.